AoeStats
← TheQuietRiot

Arabia

507806174Analyzed
1v1 RM · 12d ago on Sep 19, 2026· 68m 16s· 2 players
Game mode
Random Map
Map size
Tiny (2 player)
Population
200
Speed
Normal
Resources
Standard
Victory
Conquest
Starting age
Dark Age
Ending age
Imperial Age
RankedLock teamsTeams togetherTeam positionsShared explorationLock speedFull tech treeHidden civsTurbo modeCheats
Victory
Defeat
🇬🇧 Teutons · United Kingdom
987
+15
🇦🇷 Koreans · Argentina
976
-15
Nonerass
5:46 Loom
5:50 Loom
8:52 Feudal Age
17:36 Fletching
24:01 Castle Age
24:41 Bodkin Arrow
29:54 Husbandry
32:03 Light Cavalry
33:18 Double-Bit Axe
33:15 Horse Collar
36:29 Forging
36:25 Scale Barding Armor
37:59 Thumb Ring
39:30 Ballistics
41:38 Wheelbarrow
40:49 Town Watch
44:19 Imperial Age
44:09 Masonry
47:44 Eupseong
48:50 Bracer
49:11 Chain Barding Armor
49:27 Iron Casting
50:48 Hussar
52:04 Heavy Cavalry Archer
TheQuietRiot
7:50 Loom
10:02 Feudal Age
10:38 Double-Bit Axe
14:16 Horse Collar
21:43 Castle Age
19:46 Gold Mining
19:46 Stone Mining
20:33 Bloodlines
21:50 Forging
30:05 Bow Saw
34:21 Fletching
35:29 Scale Barding Armor
36:09 Wheelbarrow
35:51 Heavy Plow
38:08 Iron Casting
37:39 Scale Barding Armor
39:25 Hand Cart
41:26 Town Watch
41:50 Padded Archer Armor
41:46 Bodkin Arrow
41:57 Padded Archer Armor
42:06 Elite Skirmisher
43:36 Ballistics
46:10 Imperial Age
46:17 Scale Mail Armor
47:09 Cavalier
49:14 Chemistry
51:27 Stone Shaft Mining
51:49 Scale Mail Armor
52:51 Blast Furnace
52:05 Paladin
53:54 Conscription
56:59 Paladin
58:37 Ironclad
58:44 Crenellations
60:12 Chain Barding Armor
60:07 Leather Archer Armor
61:16 Hoardings
63:59 Two-Man Saw
66:17 Ring Archer Armor
66:24 Plate Barding Armor
65:57 Pikeman
66:38 Squires
66:24 Gambesons
Connection lost

Rejoining the realm…

Still unreachable

The connection could not be restored.

Session expired

The server has moved on; the page needs a fresh start.